 Dungeon Crawl Stone Soup version 0.24-a0-613-g1ff6aac (webtiles) character file.

Game seed: 16950815405614307886, levelgen mode: deterministic

139 Laraso the Poker (level 5, -6/41 HPs)
             Began as a Draconian Skald on Sept 10, 2019.
             Killed from afar by Sigmund (8 damage)
             ... with a magic dart
             ... on level 2 of the Dungeon.
             The game lasted 00:04:01 (2658 turns).

Laraso the Poker (Draconian Skald)                  Turns: 2658, Time: 00:04:01

Health: -6/41      AC:  5    Str: 14    XL:     5   Next: 1%
Magic:  7/17       EV: 12    Int: 13    God:
Gold:   119        SH:  0    Dex: 11    Spells: 3/8 levels left

rFire    + . .     SeeInvis .   a - +2 halberd (chop)
rCold    + . .     Gourm    .   (shield currently unavailable)
rNeg     . . .     Faith    .   (armour unavailable)
rPois    .         Spirit   .   (helmet restricted)
rElec    .         Reflect  .   e - scarf {rC+ rF+}
rCorr    .         Harm     .   (no gloves)
MR       .....                  (no boots)
Stlth    +.........             (no amulet)
HPRegen  0.13/turn              b - ring of magical power
MPRegen  0.15/turn              (no ring)

@: confused, very slightly contaminated
A: unfitting armour, cold-blooded, AC +5
a: no special abilities


You were on level 2 of the Dungeon.
You were hungry.

You visited 1 branch of the dungeon, and saw 2 of its levels.

You collected 119 gold pieces.

Inventory:

Hand Weapons
 a - a +2 halberd of chopping (weapon)
Armour
 e - a scarf of resistance (worn)
Jewellery
 b - a ring of magical power (left hand)
Scrolls
 f - a scroll of enchant weapon
Comestibles
 c - 4 rations


   Skills:
 - Level 2.1 Fighting
   Level 0.0 Maces & Flails
 * Level 5.2 Polearms
 - Level 2.1 Dodging
 - Level 2.0 Spellcasting
 - Level 2.6 Charms


You had 3 spell levels left.
You knew the following spells:

 Your Spells              Type           Power        Failure   Level  Hunger
a - Infusion              Chrm           #...         9%          1    ##.....
b - Song of Slaying       Chrm           #.......     13%         2    ###....
c - Shroud of Golubria    Chrm/Tloc      #.....       22%         2    ###....

Your spell library contained the following spells:

 Spells                   Type           Power        Failure   Level  Hunger
 Regeneration             Chrm/Necr      #.........   41%         3    ####...
 Spectral Weapon          Hex/Chrm       #.......     41%         3    ####...


Dungeon Overview and Level Annotations

Branches:
Dungeon (2/15)

Altars:
Trog

Annotations:
D:2 1 runed translucent door, Crazy Yiuf, Sigmund


Innate Abilities, Weirdness & Mutations

Your plain brown scales are hard. (AC +5)
You cannot fit into any form of body armour.
You are cold-blooded and may be slowed by cold attacks.


Message History

Deactivating autopickup; reactivate with Ctrl-A.
Something hits you but does no damage.
You completely miss something.
Your magical infusion is running out.
You hit something! You tail-slap something. Something hits you!
You take 9 damage, and have 32/41 hp.
MASSIVE DAMAGE!!
You hit something. You tail-slap something.
Your shroud begins to fray at the edges.
You hear some strange, mumbled words.
A puff of flame appears from out of thin air!
The puff of flame misses you.
You now have 9/17 mp.
You miss something.
You hear some strange, mumbled words.
A puff of flame appears from out of thin air!
The puff of flame hits you. You resist.
Your shroud bends something's attack away.
You take 6 damage, and have 26/41 hp.
You closely miss something. You barely miss something.
You are no longer magically infusing your attacks.
You hear some strange, mumbled words.
A magic dart appears from out of thin air!
The magic dart hits you.
* * * LOW HITPOINT WARNING * * *
You take 4 damage, and have 22/41 hp.
You miscast Shroud of Golubria.
Nothing appears to happen.
Something hits you!
* * * LOW HITPOINT WARNING * * *
Your shroud falls apart!
You take 14 damage, and have 8/41 hp.
MASSIVE DAMAGE!!
You now have 8/17 mp.
Space distorts slightly along a thin shroud covering your body.
You are feeling hungry.
Something hits you!
* * * LOW HITPOINT WARNING * * *
Your shroud falls apart!
You take 7 damage, and have 1/41 hp.
You now have 6/17 mp.
You aren't carrying any potions.
Unknown command.
Okay, then.
As you read the scroll labeled WAROIF YKKUI, it crumbles to dust.
You feel blessed for a moment.
It was a scroll of remove curse.
Something hits you.
* * * LOW HITPOINT WARNING * * *
You take 1 damage, and have 1/41 hp.
You hear some strange, mumbled words.
Something tries to affect you, but you resist.
You are confused.
There is an open door here.
You're too confused!
Unknown command.
You aren't carrying any potions.
Wield which item (- for none, * to show all)? (? for menu, Esc to quit)
Okay, then.
You aren't carrying any potions.
Unknown command.
You bump into the rock wall.
You're too confused to move!
A magic dart appears from out of thin air!
The magic dart hits you!
You die...

..##....))..#.......#######≈#*⌠#⌠
...'g..(....##..##.........≈#≈§≈§
##.#........##.###.........§#≈...
...........................≈#≈..§
.#.#############...........('.._.
....####### #.....{.....≈#≈...
.#........#######'#####....≈#≈§§§
.##.#####..........####†...§#≈≈≈§
.##....##.......@..........≈##⌠*§
..'....##..................≈≈####
.##....##......................#.
........#......................#.
.#####.............)...........#.
.# ##............#'##........#.
## #######......#.#.........#.
#......#...........#.
#......#.............


There were no monsters in sight!

Vanquished Creatures
  A centaur skeleton (D:2)
  4 gnolls
  An adder (D:2)
  2 worms (D:2)
  3 leopard geckos
  6 giant cockroaches
  7 goblins
  6 hobgoblins
  9 jackals
  3 kobolds
  2 quokkas (D:2)
  A bat (D:1)
  3 frilled lizards
  4 rats (D:1)
52 creatures vanquished.

Notes
Turn   | Place    | Note
-------+----------+-------------------------------------------
     0 | D:1      | Laraso the Draconian Skald began the quest for the Orb.
     0 | D:1      | Reached XP level 1. HP: 17/17 MP: 3/3
    63 | D:1      | HP: 6/17 [hobgoblin (5)]
    68 | D:1      | HP: 5/17 [hobgoblin (1)]
   281 | D:1      | Reached XP level 2. HP: 22/24 MP: 1/5
   394 | D:1      | Reached skill level 3 in Polearms
   506 | D:1      | HP: 8/24 [gnoll/+0 club (3)]
   726 | D:1      | Reached XP level 3. HP: 29/29 MP: 6/6
  1214 | D:1      | Learned a level 2 spell: Song of Slaying
  1217 | D:1      | Learned a level 2 spell: Shroud of Golubria
  1261 | D:2      | Reached skill level 4 in Polearms
  1595 | D:2      | Reached XP level 4. HP: 36/36 MP: 7/7
  1633 | D:2      | Found a runed translucent door.
  1634 | D:2      | Noticed Crazy Yiuf
  1723 | D:2      | Noticed Sigmund
  2416 | D:2      | Reached skill level 5 in Polearms
  2626 | D:2      | Found a bloodstained altar of Trog.
  2634 | D:2      | Reached XP level 5. HP: 41/41 MP: 8/8
  2647 | D:2      | HP: 8/41 [something (14)]
  2648 | D:2      | HP: 1/41 [something (7)]
  2658 | D:2      | Killed from afar by Sigmund

Levels and vault maps discovered:
D:1:      minmay_arrival_three_doors, layout_loops_ring
D:2:      layout_basic, lightli_temple_of_fire, minmay_pentomino_p4,
          uniq_sigmund, uniq_crazy_yiuf_cottage

Skill      XL: |  1  2  3  4 |
---------------+-------------+-----
Polearms       | 3 4 5 |  5.2
Fighting       | |  2.1
Dodging        | |  2.1
Spellcasting   | |  2.0
Charms         | |  2.6

Action                   |  1- 3 |  4- 6 || total
-------------------------+-------+-------++-------
Melee: Spear             |   136 |    30 ||   166
       Tailslap          |     9 |     3 ||    12
       Halberd           |       |    18 ||    18
 Cast: Infusion          |    18 |     3 ||    21
       Shroud of Golubri |       |     3 ||     3
  Use: Scroll            |     3 |     1 ||     4
       Potion            |       |     1 ||     1
 Stab: Sleeping          |     1 |       ||     1
  Eat: Chunk             |     3 |     3 ||     6
Armor: Skin              |    36 |     2 ||    38
Dodge: Dodged            |    75 |    17 ||    92

Table legend:
 A = Non-vault XP
 B = Vault XP
 C = Vault XP percentage of total XP
 D = Non-vault monster count
 E = Vault monster count
 F = Vault count percentage of total count
                 A         B        C        D         E       F
            +---------+---------+-------+---------+---------+-------
      Total |     193 |       6 |   3.0 |      49 |       3 |   5.8
            +---------+---------+-------+---------+---------+-------
        D:1 |      61 |       0 |   0.0 |      27 |       0 |   0.0
        D:2 |     132 |       6 |   4.3 |      22 |       3 |  12.0
            +---------+---------+-------+---------+---------+-------

Table legend:
 A = Kills in this place as a percentage of kills in entire the game.
 B = Kills by you in this place as a percentage of kills by you in the entire game.
 C = Kills by friends in this place as a percentage of kills by friends in the entire game.
 D = Other kills in this place as a percentage of other kills in the entire game.
 E = Experience gained in this place as a percentage of experience gained in the entire game.
 F = Experience gained in this place divided by the number of levels of this place that you have seen.
                   A       B       C       D       E      F
               +-------+-------+-------+-------+-------+----------------------
         Total | 100.0 | 100.0 |   N/A |   N/A | 100.0 |  99.5
       Dungeon | 100.0 | 100.0 |   N/A |   N/A | 100.0 |  99.5
               +-------+-------+-------+-------+-------+----------------------

Table legend:
 A = Turns spent in this place as a percentage of turns spent in the entire game.
 B = Non-inter-level travel turns spent in this place as a percentage of non-inter-level travel turns spent in the entire game.
 C = Inter-level travel turns spent in this place as a percentage of turns spent in this place.
 D = Turns resting spent in this place as a percentage of non-inter-level travel turns spent in this place.
 E = Turns spent auto-exploring this place as a percentage of non-inter-level travel turns spent in this place.
 F = Non-inter-level travel turns spent in this place divided by the number of levels of this place that you've seen.
                   A       B       C       D       E      F
               +-------+-------+-------+-------+-------+----------------------
         Total | 100.0 | 100.0 |   3.0 |  50.2 |  26.0 | 1289.0
       Dungeon | 100.0 | 100.0 |   3.0 |  50.2 |  26.0 | 1289.0
               +-------+-------+-------+-------+-------+----------------------

Levels and vault maps discovered:
D:1:      minmay_arrival_three_doors, layout_loops_ring
D:2:      layout_basic, lightli_temple_of_fire, minmay_pentomino_p4,
          uniq_sigmund, uniq_crazy_yiuf_cottage
